 Dungeon Crawl Stone Soup version 0.17-a0-65-gc96cd5b (console) character file.

35 HyperMorgan the Caller (level 3, -1/28 HPs)
             Began as a Naga Summoner on Mar 10, 2015.
             Slain by a jackal (2 damage)
             ... on level 1 of the Dungeon.
             The game lasted 00:02:56 (1195 turns).

HyperMorgan the Caller (Naga Summoner)              Turns: 1195, Time: 00:02:57

Health: -1/28      AC:  2    Str: 11    XL:     3   Next: 35%
Magic:  4/6        EV: 15    Int: 15    God:
Gold:   74         SH:  0    Dex: 16    Spells: 3 memorised, 1 level left

rFire  . . .     SeeInvis +     h - +2 dagger (venom)
rCold  . . .     Clarity  .     a - +0 robe
rNeg   . . .     SustAb   .     (no shield)
rPois  +         Gourm    .     (no helmet)
rElec  .         Spirit   .     (no cloak)
rCorr  .         Warding  .     (no gloves)
rMut   .         Stasis   .     (no barding)
MR     +....                    (no amulet)
Stlth  ++++......               (no ring)
                                d - ring of protection from magic

@: agile, very slow, somewhat resistant to hostile enchantments, stealthy
A: spit poison, see invisible, deformed body, poison resistance, slowness 2, AC
+1
a: Spit Poison


You were on level 1 of the Dungeon.
You were not hungry.

You visited 1 branch of the dungeon, and saw 2 of its levels.

You collected 74 gold pieces.

Inventory:

Hand weapons
 e - a +0 spear
 h - a +2 dagger of venom (weapon)
Armour
 a - a +0 robe (worn)
Jewellery
 d - a ring of protection from magic (left hand)
Scrolls
 g - a scroll of random uselessness {unknown}
 i - 3 scrolls of identify {unknown}
 l - a scroll of fog {unknown}
 m - a scroll of remove curse {unknown}
Potions
 f - a potion of mutation {unknown}
 j - 2 potions of heal wounds {unknown}
 k - a potion of agility
 n - a potion of curing {unknown}
Books
 b - a book of Callings

   Spells                             Type                      Level
   a - Summon Small Mammal            Summoning                    1
   b - Call Imp                       Summoning                    2
   c - Call Canine Familiar           Summoning                    3
   d - Summon Guardian Golem          Hexes/Summoning              4
   e - Summon Lightning Spire         Summoning/Air                4
   f - Summon Ice Beast               Ice/Summoning                4
Comestibles
 c - a bread ration
 o - a chunk of flesh


   Skills:
 - Level 1.5 Dodging
 - Level 3.0 Stealth
 + Level 2.8 Spellcasting
 + Level 4.5 Summonings


You had one spell level left.
You knew the following spells:

 Your Spells              Type           Power        Failure   Level  Hunger
a - Summon Small Mammal   Summ           ###.         3%          1    #......
b - Call Canine Familiar  Summ           ###.....     12%         3    ###....
c - Call Imp              Summ           ###.....     6%          2    ##.....


Dungeon Overview and Level Annotations

Branches:
Dungeon (2/15)

Altars:


Innate Abilities, Weirdness & Mutations

You cannot wear boots.
You can spit poison.
Your serpentine skin is tough (AC +1).
You have supernaturally acute eyesight.
Armour fits poorly on your strangely shaped body.
Your system is resistant to poisons.
You cover ground very slowly.


Message History

You completely miss the jackal. The quokka closely misses you.
The jackal bites you. The quokka closely misses you.
You barely miss the jackal. The jackal bites you. The jackal barely misses you.
The quokka bites you. The jackal bites you.
You closely miss the jackal. The jackal closely misses you.
The jackal closely misses you. The quokka misses you. The jackal misses you.
Casting: Summon Small Mammal
Confirm with . or Enter, or press ? or * to list all spells.
A shadowy apparition takes form in the air.
The jackal barely misses you. The jackal bites you. The quokka bites you.
* * * LOW HITPOINT WARNING * * *
Drink which item? (? for menu, Esc to quit)
It was a potion of agility.
You feel agile all of a sudden. The jackal bites you.
* * * LOW HITPOINT WARNING * * *
The jackal closely misses you. The quokka bites you.
* * * LOW HITPOINT WARNING * * *
The jackal closely misses you. The jackal bites you.
You die...

▒∙∙∙∙∙∙∙∙∙∙∙∙∙▒▒▒▒∙∙∙∙∙∙∙∙∙∙∙
▒▒▒▒∙∙∙∙∙∙∙▒∙∙∙∙∙∙∙∙∙∙∙∙∙∙∙∙∙
▒∙∙∙∙∙)∙▒∙∙∙∙∙∙∙∙∙∙∙∙∙∙∙∙∙
▒▒▒∙∙∙∙∙∙∙▒∙∙∙∙∙∙∙∙∙∙▒▒▒∙∙∙∙
▒∙∙∙∙∙∙∙∙∙▒∙∙∙∙∙∙∙∙∙∙▒ ▒∙∙∙∙
▒∙∙∙∙∙∙∙)∙▒▒▒∙∙∙∙▒▒▒▒▒▒▒∙∙∙∙
▒∙∙∙∙∙∙∙∙)∙∙∙∙∙∙∙∙∙∙∙∙∙∙∙∙∙∙
▒∙∙∙∙∙∙▒▒▒▒▒▒∙∙∙∙▒▒∙∙∙▒▒∙∙∙∙
▒▒▒∙∙∙∙∙∙∙rNh∙∙∙∙∙∙∙∙∙∙∙∙∙∙∙
▒▒▒▒▒▒∙∙∙∙5∙h▒▒∙∙∙▒▒∙∙∙∙▒∙∙∙∙
▒∙∙∙∙∙∙∙∙∙∙∙∙∙∙∙∙∙∙∙∙∙∙∙▒▒▒▒∙
▒∙∙∙∙∙∙∙∙(∙∙∙∙▒∙∙∙▒▒▒▒∙∙∙∙∙∙∙
▒∙∙∙∙∙∙∙∙∙∙∙∙∙∙∙∙∙∙∙∙∙∙∙∙∙∙∙∙
▒∙∙∙∙∙∙∙▒∙∙∙∙∙▒∙∙∙▒▒▒▒∙∙∙∙∙∙∙
▒∙∙∙∙∙∙∙∙∙∙∙▒▒▒▒▒▒∙∙∙∙∙∙∙∙∙∙∙
▒∙∙∙∙∙∙∙∙∙∙∙∙∙∙∙∙∙∙∙∙∙∙∙∙∙∙∙∙
▒∙∙∙∙∙∙∙∙∙∙∙∙∙∙▒∙∙∙∙∙∙∙∙∙▒▒∙∙


You could see a quokka, 2 jackals and a friendly shadow imp.

Vanquished Creatures
  An adder (D:1)
  An ooze (D:1)
  3 bats (D:1)
  2 giant cockroaches (D:1)
  3 hobgoblins (D:1)
  A jackal (D:1)
  A ball python (D:1)
  4 goblins (D:1)
  3 kobolds (D:1)
  8 rats (D:1)
27 creatures vanquished.

Notes
Turn   | Place    | Note
--------------------------------------------------------------
     0 | D:1      | HyperMorgan, the Naga Summoner, began the quest for the Orb.
     0 | D:1      | Reached XP level 1. HP: 15/15 MP: 3/3
   387 | D:1      | Reached XP level 2. HP: 22/22 MP: 4/4
   896 | D:1      | Reached XP level 3. HP: 22/28 MP: 6/6
   969 | D:1      | Learned a level 3 spell: Call Canine Familiar
   983 | D:1      | Learned a level 2 spell: Call Imp
  1195 | D:1      | HP: 1/28 [quokka (1)]
  1195 | D:1      | Slain by a jackal

Action                   || total
-------------------------++-------
Melee: Spear             ||    31
       Unarmed           ||     1
       Dagger            ||    33
 Cast: Summon Small Mamm ||     3
       Call Imp          ||     1
  Use: Potion            ||     1
 Stab: Sleeping          ||     3
  Eat: Chunk             ||     1
